Map: Gresvan LE

Players

winzboy - Winner!

  • Race: Protoss Protoss
  • League: Gold
  • Spawn Location: 5:00

litangRELX

  • Race: Protoss Protoss
  • League: Silver
  • Spawn Location: 11:00

VOD

Have the link to the VOD?

Description

Time

  • Played on: May 24, 2023, 3:58 a.m.
  • Length: 10:40
Show
View Real Time Build Order
Export as new Build Order

winzboy Protoss - Winner!

Build Orders: 1 Gate Expand 

Get SALT Encoding   

  12  0:01  Probe  
  13  0:13  Probe  
  14  0:21  Pylon  
  14  0:25  Probe (Chrono Boost)  
  15  0:41  Gateway  
  15  0:47  Probe  
  16  0:53  Assimilator  
  16  0:59  Probe (Chrono Boost)  
  17  1:11  Probe (Chrono Boost)  
  18  1:19  Probe (Chrono Boost)  
  19  1:33  Cybernetics Core  
  19  1:38  Nexus  
  19  1:41  Probe  
  20  1:48  Assimilator  
  20  1:53  Probe  
  21  2:02  Pylon  
  21  2:14  Probe  
  21  2:15  Warp Gate (Chrono Boost)  
  22  2:20  Adept (Chrono Boost)  
  24  2:35  Probe  
  25  2:47  Probe, Robotics Facility  
  25  2:50  Gateway  
  26  2:53  Gateway  
  26  2:54  Probe  
  27  2:59  Probe  
  27  3:01  Stalker  
  30  3:06  Probe  
  31  3:18  Shield Battery  
  31  3:21  Pylon  
  31  3:22  Probe  
  31  3:23  Probe  
  33  3:35  Probe x2  
  35  3:47  Probe x2  
  36  3:59  Probe  
  36  4:09  Probe  
  37  4:10  Stalker x2  
  37  4:11  Probe, Stalker  
  37  4:15  Assimilator  
  44  4:17  Assimilator  
  44  4:21  Probe  
  45  4:27  Probe, Twilight Council  
  45  4:30  Forge  
  46  4:33  Probe (Chrono Boost), Pylon  
  47  4:43  Observer  
  47  4:45  Probe x2 (Chrono Boost)  
  50  4:51  Probe (Chrono Boost)  
  52  4:53  Probe (Chrono Boost)  
  52  4:56  Stalker x2  
  52  4:57  Stalker  
  52  4:59  Probe  
  59  5:04  Probe  
  60  5:08  Protoss Ground Weapons Level 1 (Chrono Boost)  
  60  5:11  Probe  
  61  5:16  Probe  
  61  5:17  Charge (Chrono Boost)  
  61  5:18  Pylon  
  61  5:21  Pylon  
  62  5:26  Pylon  
  62  5:29  Pylon  
  62  5:36  Probe x2  
  64  5:48  Probe x2  
  66  5:55  Gateway  
  66  5:57  Gateway  
  66  5:59  Gateway  
  66  6:00  Probe x2  
  66  6:02  Gateway  
  66  6:03  Gateway  
  68  6:05  Gateway  
  68  6:10  Gateway  
  68  6:12  Probe x2  
  70  6:27  Zealot x3  
  76  6:47  Dark Shrine  
  76  6:48  Nexus  
  76  6:51  Pylon  
  76  6:52  Pylon, Immortal (Chrono Boost)  
  76  6:55  Pylon  
  80  7:04  Zealot x2  
  80  7:05  Zealot  
  86  7:14  Stalker  
  86  7:15  Stalker  
  90  7:17  Zealot x2  
  94  7:27  Pylon  
  94  7:30  Pylon  
  94  7:34  Immortal  
  98  7:39  Zealot x2  
  102  7:52  Pylon  
  102  7:59  Protoss Ground Weapons Level 2  
  102  8:02  Dark Templar  
  102  8:03  Dark Templar  
  106  8:13  Warp Prism  
  106  8:17  Dark Templar  
  106  8:18  Dark Templar x2  
  106  8:19  Pylon  
  114  8:22  Archon x2  
  114  8:25  Dark Templar  
  116  8:36  Robotics Bay  
  116  8:38  Pylon  
  116  8:40  Pylon  
  116  8:44  Assimilator  
  116  9:05  Pylon  
  116  9:06  Zealot x2  
  116  9:07  Zealot x3  
  116  9:08  Zealot x2  
  116  9:09  Zealot  
  132  9:23  Colossus  
  132  9:27  Assimilator  
  132  9:30  Pylon  
  138  9:43  Robotics Facility  
  138  9:45  Robotics Facility  
  138  10:20  Zealot  
  138  10:21  Zealot x3  
  148  10:22  Zealot x2  
Show
View Real Time Build Order
Export as new Build Order

litangRELX Protoss 

Build Orders:  

Get SALT Encoding   

  12  0:14  Pylon  
  12  0:19  Probe  
  13  0:31  Probe  
  14  0:35  Gateway  
  14  0:55  Probe  
  15  1:03  Pylon  
  15  1:07  Probe  
  15  1:09  Assimilator  
  16  1:19  Probe  
  17  1:31  Probe, Cybernetics Core  
  18  1:43  Probe  
  19  1:55  Assimilator  
  19  2:04  Gateway  
  19  2:08  Adept  
  21  2:22  Probe  
  22  2:34  Probe  
  23  2:38  Nexus, Adept  
  23  2:39  Twilight Council  
  25  3:02  Stalker  
  27  3:08  Stalker  
  29  3:32  Stalker  
  29  4:07  Stalker x2  
  29  4:08  Warp Gate (Chrono Boost)  
  33  4:13  Pylon  
  33  4:19  Probe  
  34  4:30  Probe (Chrono Boost)  
  35  4:35  Probe (Chrono Boost)  
  35  4:37  Stalker x2  
  40  4:42  Probe (Chrono Boost)  
  42  4:47  Probe x2 (Chrono Boost)  
  42  4:52  Blink (Chrono Boost)  
  43  4:53  Pylon  
  43  4:56  Probe x2  
  45  5:07  Stalker x2  
  47  5:08  Probe x2  
  51  5:20  Probe x2, Assimilator  
  53  5:22  Assimilator  
  53  5:31  Forge  
  53  5:32  Probe  
  54  5:39  Pylon  
  54  5:44  Probe  
  55  5:52  Sentry x2  
  55  5:56  Probe  
  60  5:59  Shield Battery  
  60  6:07  Gateway  
  60  6:08  Probe x2  
  60  6:09  Gateway  
  62  6:12  Gateway  
  62  6:20  Probe x2  
  62  6:22  Robotics Facility  
  64  6:26  Protoss Ground Weapons Level 1 (Chrono Boost)  
  64  6:33  Probe x2  
  66  6:45  Probe  
  67  6:47  Pylon  
  67  6:52  Stalker  
  69  6:57  Pylon  
  69  7:10  Warp Prism  
  71  7:18  Shield Battery  
  71  7:24  Photon Cannon  
  71  7:25  Charge (Chrono Boost)  
  71  7:26  Zealot x3  
  71  7:27  Zealot x2  
  81  7:35  Templar Archives  
  81  7:37  Probe  
  82  7:48  Forge  
  82  7:52  Observer (Chrono Boost)  
  83  8:06  Observer (Chrono Boost)  
  84  8:23  Stalker  
  86  8:46  Pylon  
  86  8:47  Pylon  
  86  8:51  Photon Cannon  
  86  8:55  Photon Cannon  
  86  8:56  Photon Cannon  
  86  9:04  Immortal  
  86  9:06  Pylon  
  86  9:09  Pylon  
  90  9:14  Psionic Storm  
  90  9:16  Nexus  
  90  9:18  High Templar x2  
  90  9:19  High Templar  
  90  9:23  Archon  
  96  9:35  High Templar  
  98  9:39  Archon  
  98  9:44  Immortal  
  102  9:46  Pylon  
  102  10:09  Pylon  
  66  10:24  Assimilator  
  66  10:26  Assimilator  
  55  10:28  Stalker  
  55  10:29  Stalker x4  
Tags
 
Matchup
PvP
Replay Pack
Multiplayer
Spawn Locations
Cross Positions
Add a new tag
Caveats
  • Supply blocks, unpowered buildings, or Contaminate may cause inaccurate times.
  • Supply counts are checked every 10 seconds.